 Dungeon Crawl Stone Soup version 0.31.0-2-g5a2aebc5c2 (webtiles) character file.

Game seed: 556686917292529269

140 Bronimir the Grasshopper (level 5, -1/42 HPs)
             Began as an Armataur Warper on Jan 21, 2024.
             Was a Follower of Uskayaw.
             Slain by a sky beast (2 damage)
             ... on level 4 of the Dungeon.
             The game lasted 00:07:23 (2464 turns).

Bronimir the Grasshopper (Armataur Warper)          Turns: 2464, Time: 00:07:23

Health: -1/42      AC:  6    Str: 24    XL:     5   Next: 2%
Magic:  7/7        EV:  9    Int: 13    God:    Uskayaw [*.....]
Gold:   147        SH:  5    Dex: 10    Spells: 3/7 levels left

rFire   . . .        a - +0 falchion
rCold   . . .        (no shield)
rNeg    . . .        p - +0 ring mail
rPois   .            (no helmet)
rElec   .            (no cloak)
rCorr   .            (no gloves)
SInv    .            (no barding)
Will    .....        n - amulet of reflection Stlth
                     i - +6 ring of strength
HPRegen 0.27/turn    (no ring)
MPRegen 0.10/turn

%: reflection, roll
@: no status effects
A: large, deformed body, tough skin 3, armoured tail, roll 1
a: Renounce Religion, Stomp


You were on level 4 of the Dungeon.
You worshipped Uskayaw.
Uskayaw was noncommittal.
You visited 1 branch of the dungeon, and saw 4 of its levels.

You collected 147 gold pieces.

Inventory:

Hand Weapons
 a - a +0 falchion (weapon)
Missiles
 d - 7 darts of dispersal (quivered)
 g - 4 javelins
 h - 9 poisoned darts
Armour
 b - a +0 leather armour
 p - a +0 ring mail (worn)
Magical Staves
 f - a staff of earth
Jewellery
 i - a +6 ring of strength (left hand)
 n - an amulet of reflection (around neck)
Wands
 o - a wand of flame (23)
Scrolls
 c - a scroll of blinking
 e - a scroll of revelation {unknown}
 j - a scroll of amnesia {unknown}
 k - a scroll of fear {unknown}
 l - a scroll of enchant weapon {unknown}
 m - 3 scrolls of teleportation {unknown}


   Skills:
 * Level 2.6 Fighting
 * Level 3.2 Long Blades
 + Level 1.0 Throwing
 * Level 2.7 Armour
 + Level 1.5 Dodging
 + Level 0.1 Stealth
 + Level 0.2 Shields
 + Level 1.8 Spellcasting
 + Level 3.4 Translocations


You had 3 spell levels left.
You knew the following spells:

 Your Spells              Type           Power      Damage    Failure   Level
a - Blink                 Tloc           20%        N/A       14%         2
b - Lesser Beckoning      Tloc           20%        N/A       14%         2

Your spell library contained the following spells:

 Spells                   Type           Power      Damage    Failure   Level
 Teleport Other           Tloc           10%        N/A       28%         3
 Static Discharge         Conj/Air       2%         3-4/arc   52%         2
 Manifold Assault         Tloc           10%        N/A       67%         4
 Vhi's Electric Charge    Tloc/Air       10%        N/A       89%         4
 Airstrike                Air            0%         2d(1-17)  98%         4
 Summon Lightning Spire   Summ/Air       1%         N/A       98%         4


Dungeon Overview and Level Annotations

Branches:
Dungeon (4/15)
 Temple: D:4-7

Altars:
Cheibriados
Dithmenos
Qazlal
Uskayaw

Shops:
D:1 (


Innate Abilities, Weirdness & Mutations

Armour fits poorly on your strangely shaped body.
You have extremely tough skin. (AC +3)
You have a long armoured tail.
You regenerate magic when rolling toward enemies. (Rampage MPRegen)


Message History

You roll towards the sky beast!
You hit the sky beast but do no damage.
The sky beast hits you but does no damage.
You barely miss the sky beast. You block the sky beast's attack.
You miss the sky beast.
The sky beast hits you but does no damage.
You closely miss the sky beast.
The sky beast flickers out of sight!
Deactivating autopickup; reactivate with Ctrl-A.
Something hits you but does no damage.
No target in view!
No target in view!
No target in view!
No target in view!
You hit something. Something hits you. Something shocks you.
You miss something.
Your tail-slap misses something.
You block something's attack. Something hits you but does no damage.
You closely miss something. Something hits you but does no damage.
You hit something but do no damage. Something hits you but does no damage.
You miss something. You block something's attack.
You hit something. You tail-slap something. You block something's attack.
You hit something. Something hits you. Something shocks you.
You closely miss something. You tail-slap something.
You block something's attack.
You closely miss something.
Your tail-slap misses something.
Something hits you but does no damage. You block something's attack.
You barely miss something.
Your tail-slap misses something.
Something hits you but does no damage.
You barely miss something.
Your tail-slap misses something.
You block something's attack.
You barely miss something.
Your tail-slap misses something.
Something hits you. Something shocks you.
You hit something.
Your tail-slap misses something.
Something hits you but does no damage.
You barely miss something. Something hits you. Something shocks you.
* * * LOW HITPOINT WARNING * * *
You barely miss something. Something hits you.
* * * LOW HITPOINT WARNING * * *
Something shocks you.
* * * LOW HITPOINT WARNING * * *
Something hits you.
You die...

...........###..#
#...... ...........#
#..## ##......
...........# ##..#
#....... ...........##
#..###.......
............#
##..#........
.........###............
..................<.....
..............#.........
.......@####............
..#.#..{# #............
#...#... .............
#.....#... ...........<.
..._......##............
#.....#..####...........
.#...#...# .........
..#.# ...# .........
.........


There were no monsters in sight!

Vanquished Creatures
  2 orc priests (D:3)
  An orc wizard (D:2)
  A dart slug (D:2)
  5 orcs
  6 bats
  6 endoplasms
  3 giant cockroaches
  3 goblins
  2 hobgoblins (D:2)
  A quokka (D:1)
  9 ball pythons
  4 frilled lizards
  4 rats
47 creatures vanquished.

Notes
Turn   | Place    | Note
-------+----------+-------------------------------------------
     0 | D:1      | Bronimir the Armataur Warper began the quest for the Orb.
     0 | D:1      | Reached XP level 1. HP: 17/17 MP: 3/3
    99 | D:1      | Found Ibbyedum's Weapon Shop.
   155 | D:1      | Found a faded altar of an unknown god.
   172 | D:1      | Prayed at the altar of an unknown god.
   172 | D:1      | Became a worshipper of Uskayaw the Reveller
   172 | D:1      | Reached * piety under Uskayaw
   213 | D:1      | Reached XP level 2. HP: 24/24 MP: 4/4
   229 | D:1      | Reached ** piety under Uskayaw
   542 | D:2      | Reached *** piety under Uskayaw
   546 | D:2      | Reached skill level 1 in Throwing
   872 | D:2      | Reached XP level 3. HP: 14/29 MP: 5/5
  1254 | D:2      | Learned a level 2 spell: Blink
  1257 | D:2      | Learned a level 2 spell: Lesser Beckoning
  1355 | D:3      | Reached XP level 4. HP: 28/36 MP: 6/6
  1850 | D:3      | Found a shadowy altar of Dithmenos.
  1947 | D:3      | Found a snail-covered altar of Cheibriados.
  1952 | D:3      | Reached XP level 5. HP: 5/42 MP: 4/7
  2442 | D:4      | Found a stormy altar of Qazlal.
  2442 | D:4      | Noticed a sky beast
  2464 | D:4      | HP: 1/42 [something (5)]
  2464 | D:4      | Slain by a sky beast

Illustrated notes

Levels and vault maps discovered:
D:1:      co_arrival_square_in_a_square_in_a_square, layout_basic,
          chequers_ecumenical_altar_twisty, serial_shops, shop, minmay_vboxes
D:2:      layout_loops_ring
D:3:      layout_rooms, cheibriados_altar_1,
          mainiacjoe_overflow_concentric_impassable
D:4:      layout_layer_cave, nicolae_qazlal_beasts_of_the_sky,
          minmay_misc_feat_plants, uniq_grinder

Skill      XL: |  1  2  3  4 |
---------------+-------------+-----
Long Blades    | 2 3 |  3.2
Fighting       | 2 |  2.6
Throwing       | 1 |  1.0
Armour         | 2 |  2.7
Dodging        | |  1.5
Stealth        | |  0.1
Shields        | |  0.2
Spellcasting   | |  1.8
Translocations | |  3.4

Action                     |  1- 3 |  4- 6 || total
---------------------------+-------+-------++-------
  Melee: Falchion          |    97 |   118 ||   215
         Tailslap          |    11 |     8 ||    19
         Punch             |       |     3 ||     3
 Invoke: Stomp             |       |     1 ||     1
    Use: Potion            |       |     4 ||     4
   Stab: Paralysed         |     1 |     1 ||     2
 Armour: Leather armour    |    57 |       ||    57
         Ring mail         |    15 |    94 ||   109
  Dodge: Dodged            |    44 |    40 ||    84
  Block: Other             |    14 |    28 ||    42
